 Dungeon Crawl Stone Soup version 0.30-a0-782-ge64f9170bb (webtiles) character file.

Game seed: 6277863851406562455

36715 cheesebisquit the Frost Mage (level 13, 0/111 HPs)
             Began as a Ghoul Ice Elementalist on Feb 18, 2023.
             Was an Elder of Qazlal.
             Killed from afar by an electric eel (2 damage)
             ... with a bolt of electricity
             ... on level 3 of the Lair of Beasts.
             The game lasted 01:56:59 (24285 turns).

cheesebisquit the Frost Mage (GhIE)                Turns: 24285, Time: 01:56:59

Health: 0/111      AC:  9    Str: 13    XL:     13   Next: 92%
Magic:  22/26      EV: 21    Int: 16    God:    Qazlal [****..]
Gold:   455        SH:  9    Dex:  5    Spells: 21/32 levels left

rFire   . . .      SeeInvis +    I - staff of cold
rCold   + + .      Faith    .    R - +0 buckler
rNeg    + + +      Spirit   .    M - +1 robe "Baept" {Rampage Fly Int+2 Dex-4}
rPois   ∞          Reflect  .    D - +2 hat {SInv}
rElec   .          Harm     .    (no cloak)
rCorr   .          Rampage  +    C - +1 pair of gloves
Will    .....                    c - +1 pair of boots
Stlth   +                        (no amulet)
HPRegen 0.00/turn                g - ring of the Hare {EV+10}
MPRegen 0.20/turn                W - ring "Pushuj" {Wiz rN+ SInv}

@: flying, inhibited regen, repel missiles
A: claws 1, cold resistance 1, negative energy resistance 3, inhibited
regeneration, torment resistance 2, devour on kill
a: Renounce Religion, Upheaval, Elemental Force


You were on level 3 of the Lair of Beasts.
You worshipped Qazlal.
Qazlal was greatly pleased with you.
You visited 3 branches of the dungeon, and saw 16 of its levels.
You also visited: Ossuary.

You collected 939 gold pieces.
You spent 484 gold pieces at shops.

Inventory:

Hand Weapons
 A - a +0 morningstar
 J - a +0 arbalest
Missiles
 a - 2 silver boomerangs
 i - 6 curare-tipped darts
 m - 24 poisoned darts
 S - 3 throwing nets
Armour
 c - a +1 pair of boots (worn)
 C - a +1 pair of gloves (worn)
 D - a +2 hat of see invisible (worn)
 M - the +1 robe "Baept" (worn) {Rampage Fly Int+2 Dex-4}
   (You found it on level 7 of the Dungeon)

   Int:       It affects your intelligence (+2).
   Dex:       It affects your dexterity (-4).
   Fly:       It grants you flight.
   Rampage:   It bestows one free step when moving towards enemies.
 R - a +0 buckler (worn)
Magical Staves
 k - a staff of conjuration
 I - a staff of cold (weapon)
Jewellery
 e - a ring of ice
 g - the ring of the Hare (left hand) {EV+10}
   (You acquired it on level 7 of the Dungeon)

   [ring of evasion]

   EV:        It affects your evasion (+10).
 n - an amulet of guardian spirit
 W - the ring "Pushuj" (right hand) {Wiz rN+ SInv}
   (You found it on level 11 of the Dungeon)

   [ring of wizardry]

   It improves your spell success rate.
   rN:        It protects you from negative energy.
   SInv:      It lets you see invisible.
Wands
 y - a wand of acid (5)
 B - a wand of mindburst (18)
 G - a wand of polymorph (4)
 Q - a wand of iceblast (14)
 T - a wand of flame (2)
 U - a wand of paralysis (15)
Scrolls
 f - 3 scrolls of fear
 l - 3 scrolls of immolation
 p - a scroll of silence
 q - 6 scrolls of enchant weapon
 t - 5 scrolls of amnesia
 u - 2 scrolls of torment
 w - 3 scrolls of teleportation
 z - 4 scrolls of poison
 H - a scroll of fog
 L - 2 scrolls of vulnerability
 O - a scroll of brand weapon {unknown}
 P - 5 scrolls of magic mapping
Potions
 b - 3 potions of brilliance
 d - 7 potions of curing
 h - 7 potions of attraction
 j - 4 potions of flight
 r - a potion of invisibility
 s - 5 potions of might
 v - 4 potions of lignification
 x - 7 potions of ambrosia
 E - 4 potions of magic
 K - 4 potions of mutation
 N - 2 potions of cancellation
 V - a potion of heal wounds
 X - a potion of haste
 Y - a potion of berserk rage


   Skills:
 + Level 9.5 Fighting
 + Level 7.8 Staves
 - Level 1.7 Dodging
 - Level 2.1 Stealth
 - Level 5.0 Shields
 + Level 10.2 Spellcasting
 + Level 1.9 Summonings
 + Level 13.4 Ice Magic
 + Level 5.9 Invocations
 + Level 7.8 Evocations


You had 21 spell levels left.
You knew the following spells:

 Your Spells              Type           Power      Damage    Failure   Level
a - Freeze                Ice            100%       1d10      1%          1
b - Frozen Ramparts       Ice            100%       1d16      1%          3
c - Summon Ice Beast      Ice/Summ       49%        N/A       1%          4
z - Ozocubu's Armour      Ice            67%        N/A       1%          3

Your spell library contained the following spells:

 Spells                   Type           Power      Damage    Failure   Level
 Shock                    Conj/Air       32%        1d5       4%          1
 Blink                    Tloc           16%        N/A       7%          2
 Swiftness                Air            8%         N/A       14%         3
 Airstrike                Air            4%         2d(1-17)  41%         4
 Manifold Assault         Tloc           8%         N/A       41%         4
 Sticky Flame             Conj/Fire      8%         2d3       41%         4
 Fireball                 Conj/Fire      4%         3d4       75%         5
 Irradiate                Conj/Tmut      4%         3d13      75%         5
 Wereblood                Tmut           Unusable   N/A       N/A         2
 Storm Form               Tmut/Air       Unusable   N/A       N/A         7

Dungeon Overview and Level Annotations

Branches:
Dungeon (12/15)            Temple (1/1) D:6            Lair (3/5) D:10
 Shoals (0/4) Lair:2        Snake (0/4) Lair:2          Orc (0/2) D:11
Ossuary (visited)

Altars:
Ashenzari
Cheibriados
Dithmenos
Fedhas
Gozag
Hepliaklqana
Kikubaaqudgha
Makhleb
Nemelex Xobeh
Okawaru
Qazlal
Ru
Sif Muna
Trog
Uskayaw
Vehumet
Wu Jian
Xom
Yredelemnul

Shops:
D:4 :((?[   D:6 (

Portals:
Trove: D:11 (give 5 scrolls of fear)

Annotations:
D:4 2 transporters


Innate Abilities, Weirdness & Mutations

You are immune to poison.
You have sharp fingernails.
Your flesh is cold resistant. (rC+)
You are immune to negative energy. (rN+++)
You do not regenerate when monsters are visible.
You are immune to unholy pain and torment.
You thrive by killing the living.


Message History

The bolt of electricity hits you.
As you read the scroll of fear, it crumbles to dust.
You assume a fearsome visage.
The electric eel looks frightened!
The basilisk looks frightened!
The electric eel looks frightened! x3
Your icy armour will break if you move.
Continue?
Your icy armour cracks and falls away as you move.
Cornered, the electric eel turns to fight!
Cornered, the basilisk turns to fight!
The electric eel shoots out a bolt of lightning at you!
The bolt of electricity hits you!
The electric eel shoots out a bolt of lightning at you!
The bolt of electricity misses you.
Cornered, the electric eel turns to fight! x2
The electric eel shoots out a bolt of lightning at you!
The bolt of electricity hits you.
* * * LOW HITPOINT WARNING * * *
The electric eel shoots out a bolt of lightning at you!
The bolt of electricity hits you.
* * * LOW HITPOINT WARNING * * *
The electric eel shoots out a bolt of lightning at you!
The bolt of electricity misses you.
The electric eel shoots out a bolt of lightning at you!
The bolt of electricity hits you!
* * * LOW HITPOINT WARNING * * *
The electric eel shoots out a bolt of lightning at you!
The bolt of electricity misses you.
As you read the scroll of fog, it crumbles to dust.
The scroll dissolves into smoke.
The electric eel shoots out a bolt of lightning at you!
The bolt of electricity hits you!
* * * LOW HITPOINT WARNING * * *
The electric eel shoots out a bolt of lightning at you!
The bolt of electricity hits the electric eel.
The electric eel completely resists.
The electric eel's attack snaps the electric eel out of its fear.
The bolt of electricity hits you!
* * * LOW HITPOINT WARNING * * *
The electric eel shoots out a bolt of lightning at you!
The bolt of electricity hits you.
You die...

......~........
####....~.≈≈≈~......
#.#.....~≈S≈≈≈......
#......≈≈...≈≈.....
#.....S≈l>.(≈≈....
#.....≈≈Y)≈?≈.....
#§§§....S≈≈≈≈.....
#§§○....S.~.......
#@§§..............
#§§°○.............
##.§..............
#................
#................
####.P...........
###...........
##...........
#............


You could see a basilisk, 4 electric eels and a friendly ice beast (summoned).

Vanquished Creatures
  Gastronok (Lair:1)
  Fannar (Lair:3)
  A boulder beetle (D:12)
  A two-headed ogre (D:12)
  4 death yaks (Lair:2)
  Urug (Lair:3)
  Amaemon (D:9)
  4 skeletal warriors
  A manticore (D:7)
  2 cyclopes (D:12)
  3 elephants (Lair:3)
  3 black mambas
  2 gargoyles (D:11)
  4 cane toads
  An orange demon (D:9)
  2 kobold demonologists (D:11)
  A rime drake (D:10)
  A polar bear (D:10)
  2 trolls
  A queen bee (Lair:1)
  A hornet (D:7)
  16 blink frogs
  3 slime creatures (D:12)
  A spriggan (Lair:2)
  2 shadows
  2 wyverns
  2 basilisks (Lair:1)
  35 yaks
  3 wraiths
  A steam dragon (D:8)
  4 vampire mosquitoes (D:12)
  12 water moccasins
  2 acid dragons
  A sky beast (D:7)
  2 black bears
  5 orc warriors
  7 ice beasts
  An ogre (D:7)
  5 wolves
  A centaur (D:8)
  3 kobold brigands
  12 bullfrogs
  A gnoll sergeant (D:9)
  7 necrophages
  3 scorpions
  14 wights
  35 killer bees
  5 howler monkeys
  A nameless horror (Lair:3)
  2 electric eels (Lair:3)
  A centaur zombie (Ossuary)
  6 jellies
  6 orc priests
  4 hounds
  2 gnoll boudas
  5 iguanas
  Jessica (D:3)
  13 orc wizards
  Natasha (thrice) (D:2)
  14 gnolls
  9 adders
  A white imp (D:6)
  An ufetubus (D:5)
  2 adder zombies (Ossuary)
  4 worms (D:2)
  2 dart slugs
  40 orcs
  8 endoplasms
  A giant cockroach (D:1)
  11 goblins
  8 hobgoblins
  10 jackals
  2 quokkas
  6 ball pythons
  A ball python skeleton (Ossuary)
  8 bats
  8 frilled lizards
  2 hobgoblin zombies (Ossuary)
  17 kobolds
  A kobold zombie (Ossuary)
  An orc skeleton (Ossuary)
  An orc zombie (Ossuary)
  7 rats
432 creatures vanquished.

Vanquished Creatures (collateral kills)
  A cyclops (D:11)
  An elephant (Lair:3)
  2 blink frogs (Lair:1)
  A wyvern (Lair:1)
  5 yaks
  A steam dragon (Lair:2)
  A water moccasin (Lair:2)
12 creatures vanquished.

Vanquished Creatures (others)
  6 fungi (Lair:3)
  27 plants
33 creatures vanquished.

Grand Total: 477 creatures vanquished

Notes
Turn   | Place    | Note
-------+----------+-------------------------------------------
     0 | D:1      | cheesebisquit the Ghoul Ice Elementalist began the quest
                  | for the Orb.
     0 | D:1      | Reached XP level 1. HP: 14/14 MP: 2/2
     5 | D:1      | Got the Catalogue of Transforming Burning
   177 | D:1      | Reached XP level 2. HP: 20/20 MP: 2/4
   745 | D:1      | Reached XP level 3. HP: 26/26 MP: 3/5
   764 | D:1      | Reached skill level 5 in Ice Magic
   827 | D:1      | Learned a level 3 spell: Ozocubu's Armour
  1077 | D:2      | Noticed Natasha
  1084 | D:2      | Killed Natasha
  1189 | D:2      | Reached XP level 4. HP: 15/33 MP: 0/7
  1258 | D:2      | Noticed Natasha
  1270 | D:2      | Killed Natasha
  1668 | D:2      | Noticed Natasha
  1679 | D:2      | Killed Natasha
  1680 | D:2      | Reached XP level 5. HP: 17/38 MP: 0/8
  2106 | D:2      | Reached skill level 6 in Ice Magic
  2556 | D:2      | You fall into a shaft and drop 1 floor!
  3507 | D:3      | Reached XP level 6. HP: 41/45 MP: 8/10
  3755 | D:3      | Noticed Jessica
  3863 | D:3      | Learned a level 3 spell: Frozen Ramparts
  3868 | D:3      | Learned a level 4 spell: Summon Ice Beast
  3877 | D:3      | Found a shimmering blue altar of Sif Muna.
  3891 | D:3      | Killed Jessica
  4532 | D:4      | Found a hazy altar of Hepliaklqana.
  4542 | D:4      | Found an iron altar of Okawaru.
  4548 | D:4      | Noticed an orc warrior
  4549 | D:4      | Found a transporter.
  4551 | D:4      | Noticed a steam dragon
  4555 | D:4      | Found a transporter.
  4806 | D:4      | Found Ezaakopt's Magic Scroll Shop.
  4822 | D:4      | Bought a scroll of fear for 48 gold pieces
  4822 | D:4      | Bought a scroll of identify for 24 gold pieces
  4822 | D:4      | Bought a scroll of identify for 24 gold pieces
  4822 | D:4      | Bought a scroll of poison for 48 gold pieces
  4822 | D:4      | Bought a scroll of identify for 24 gold pieces
  4826 | D:4      | Found Qaypp's Antique Weapon Shoppe.
  4934 | D:4      | Reached skill level 7 in Ice Magic
  5034 | D:4      | Reached XP level 7. HP: 39/50 MP: 6/12
  5284 | D:4      | Found Qucsow's Antique Weapon Boutique.
  5323 | D:4      | Found Jorour's Antique Armour Emporium.
  5416 | D:4      | Found Hextihud's Book Shop.
  5837 | D:4      | Reached skill level 5 in Spellcasting
  5945 | D:5      | Entered Level 5 of the Dungeon
  6168 | D:5      | Reached skill level 8 in Ice Magic
  6238 | D:5      | Reached XP level 8. HP: 53/57 MP: 7/15
  7187 | D:6      | Reached skill level 9 in Ice Magic
  7420 | D:6      | Found Dool's Antique Weapon Shoppe.
  7745 | D:6      | Found a staircase to the Ecumenical Temple.
  7754 | Temple   | Entered the Ecumenical Temple
  7866 | Temple   | Became a worshipper of Qazlal Stormbringer
  7925 | D:6      | Found a broken altar of Ashenzari.
  8245 | D:6      | Reached XP level 9. HP: 44/62 MP: 10/18
  8672 | D:7      | Reached skill level 10 in Ice Magic
  8672 | D:7      | Identified a scroll of acquirement
  8672 | D:7      | Acquired the ring of the Hare {EV+10}
  8672 | D:7      | Found the ring of the Hare {EV+10}
  8679 | D:7      | Found a shimmering altar of Xom.
  8703 | D:7      | Found a sand-covered staircase.
  8708 | Ossuary  | Entered an ossuary
  8971 | Ossuary  | Reached skill level 1 in Fighting
  9174 | Ossuary  | Reached skill level 1 in Staves
  9174 | Ossuary  | Reached skill level 1 in Evocations
  9561 | D:7      | Noticed a hornet
  9569 | D:7      | Killed a hornet
  9635 | D:7      | Identified the +1 robe "Baept" {Rampage Fly Int+2 Dex-4}
 10055 | D:4      | Bought a pair of embroidered boots for 172 gold pieces
 10306 | D:7      | Noticed a manticore
 10319 | D:7      | Killed a manticore
 10320 | D:7      | Reached XP level 10. HP: 70/77 MP: 13/20
 10589 | D:7      | Reached * piety under Qazlal
 11178 | D:8      | Reached skill level 1 in Shields
 11178 | D:8      | Reached skill level 11 in Ice Magic
 11266 | D:8      | Found an opulent altar of Gozag.
 11284 | D:8      | Found a snail-covered altar of Cheibriados.
 11335 | D:8      | Found a burning altar of Makhleb.
 11336 | D:8      | Found an ancient bone altar of Kikubaaqudgha.
 11338 | D:8      | Found a bloodstained altar of Trog.
 11976 | D:9      | Reached skill level 5 in Fighting
 12152 | D:9      | Reached ** piety under Qazlal
 12153 | D:9      | Reached XP level 11. HP: 43/88 MP: 15/22
 12316 | D:9      | Found a basalt altar of Yredelemnul.
 12394 | D:9      | Found a radiant altar of Vehumet.
 12399 | D:9      | Noticed Amaemon
 12412 | D:9      | Paralysed by Amaemon for 4 turns
 12415 | D:9      | Killed Amaemon
 12901 | D:10     | Entered Level 10 of the Dungeon
 12939 | D:10     | Reached skill level 5 in Staves
 12939 | D:10     | Reached skill level 5 in Evocations
 13149 | D:10     | Found a staircase to the Lair.
 13987 | D:11     | Noticed a cyclops
 13999 | D:11     | Killed a cyclops
 14281 | D:11     | Identified the ring "Pushuj" {Wiz rN+ SInv}
 14287 | D:11     | Found a staircase to the Orcish Mines.
 14654 | D:11     | Reached *** piety under Qazlal
 14794 | D:11     | Found a portal to a secret trove of treasure.
 15007 | D:4      | Bought 3 scrolls of fear for 144 gold pieces
 15215 | D:11     | Noticed a sixfirhy
 15234 | D:11     | Reached skill level 12 in Ice Magic
 15392 | D:11     | Found a hazy altar of Hepliaklqana.
 15595 | D:12     | Noticed a boulder beetle
 15650 | D:12     | Killed a boulder beetle
 15651 | D:12     | Reached XP level 12. HP: 100/100 MP: 8/23
 16758 | D:11     | Reached skill level 1 in Invocations
 17092 | D:11     | Found a staircase to the Orcish Mines.
 17672 | D:11     | Found a portal to a secret trove of treasure.
 17711 | D:11     | Found a hazy altar of Hepliaklqana.
 17880 | D:12     | Noticed a two-headed ogre
 17891 | D:12     | Killed a two-headed ogre
 18421 | D:12     | Reached skill level 5 in Shields
 18741 | Lair:1   | Entered Level 1 of the Lair of Beasts
 18911 | Lair:1   | Reached **** piety under Qazlal
 19126 | Lair:1   | You are sucked into a shaft and drop 1 floor!
 19126 | Lair:2   | Noticed a death yak
 19126 | Lair:2   | Noticed a death yak
 19141 | Lair:2   | Noticed a death yak
 19143 | Lair:2   | Noticed a death yak
 19148 | Lair:2   | Killed a death yak
 19151 | Lair:2   | Killed a death yak
 19155 | Lair:2   | Killed a death yak
 19158 | Lair:2   | Killed a death yak
 19159 | Lair:2   | Reached XP level 13. HP: 72/108 MP: 2/25
 19359 | Lair:2   | Found a staircase to the Shoals.
 19467 | Lair:2   | Found a staircase to the Snake Pit.
 19874 | Lair:1   | Noticed Gastronok
 19881 | Lair:1   | Reached skill level 13 in Ice Magic
 19896 | Lair:1   | Killed Gastronok
 20219 | Lair:1   | Reached skill level 5 in Invocations
 21488 | Lair:2   | Found a staircase to the Snake Pit.
 21508 | Lair:2   | Found a staircase to the Shoals.
 22383 | Lair:3   | Reached skill level 10 in Spellcasting
 22847 | Lair:3   | Noticed Fannar
 22914 | Lair:3   | Killed Fannar
 23125 | Lair:3   | Reached skill level 1 in Summonings
 23390 | Lair:3   | Noticed Urug
 23409 | Lair:3   | Killed Urug
 24285 | Lair:3   | HP: 2/111 [electric eel/bolt of electricity (8)]
 24285 | Lair:3   | Killed from afar by an electric eel

Illustrated notes

Levels and vault maps discovered:
D:1:      spicycebolla_green_bress_n_ham, layout_loops_ring
D:2:      layout_basic, uniq_natasha
D:3:      layout_rooms, tgw_sif, serial_co_window_serial, co_window_paths_a,
          co_window_corner_a, co_window_paths_a, co_window_corner_a,
          co_window_paths_b, co_window_broadway_b, co_window_of_opportunity_c,
          co_window_cross_3, co_window_corner_ca, co_window_broadway_b,
          co_window_paths_e, glass_columns_c, glass_columns_b
D:4:      layout_basic, gammafunk_temple_overflow_arena, serial_shops,
          kennysheep_mini, nicolae_shop_statue_plus,
          nicolae_shop_overgrown_old_shop, kennysheep_mini_moat, shop,
          minmay_misc_feat_hallway
D:5:      layout_rooms, kennysheep_generic_room_5
D:6:      layout_basic, nicolae_overflow_crystal_walls,
          minmay_temple_entry_metal_lava, serial_shops,
          nicolae_shop_overgrown_old_shop
D:7:      layout_cave_pools, xom_teletrap_fun, nicolae_ossuary_entry_ruins,
          minivault_26, st_stairs_11, kennysheep_generic_room_9
D:8:      layout_rooms, nicolae_tso_carved_into_rock,
          grunt_temple_overflow_open, grunt_gozag_statues, serial_rivers,
          chequers_serial_rivers_small_3, chequers_serial_rivers_small_a,
          chequers_serial_rivers_large_a, chequers_serial_rivers_micro_d,
          chequers_serial_rivers_micro_d, chequers_serial_rivers_micro_b,
          st_stairs_4
D:9:      layout_gridville, vehumet_crystals, amcnicky_altar_gilded,
          uniq_amaemon
D:10:     layout_irregular_city, hellmonk_lair_entry_icy
D:11:     layout_stronghold, orc_0_dummy, nicolae_trove_entry_crossroad,
          minivault_26, minivault_24, nicolae_hepliaklqana_hippocampus
D:12:     layout_loops_ring
Temple:   kb_temple_of_zot
Lair:1:   layout_roguey [special_room_bee], gauntlet_entry_generic,
          uniq_gastronok
Lair:2:   layout_chaotic_city, elwin_shoals_entry_rocks,
          minmay_snake_entry_six_corridors, wad_woods_03
Lair:3:   pond_and_an_island_with_a_cottage, layout_long_grid, disabler_island,
          lemuel_fruit_tree, uniq_fannar, uniq_urug

Skill      XL: |  1  2  3  4  5  6  7  8  9 10 11 12 13 |
---------------+----------------------------------------+-----
Spellcasting   | 2 3 4 5 6 7 8 9 10 | 10.2
Ice Magic      | 5 6 7 8 9 10 11 12 13 | 13.4
Fighting       | 3 5 7 8 9 |  9.5
Staves         | 2 4 5 6 7 |  7.8
Evocations     | 2 4 5 6 7 |  7.8
Shields        | 2 4 5 |  5.0
Invocations    | 4 5 |  5.9
Summonings     | 1 |  1.9
Dodging        | |  1.7
Stealth        | |  2.1

Action                     |  1- 3 |  4- 6 |  7- 9 | 10-12 | 13-15 || total
---------------------------+-------+-------+-------+-------+-------++-------
  Melee: Unarmed           |    42 |    61 |       |       |       ||   103
         Punch             |     1 |     1 |     3 |       |       ||     5
         Trident           |       |    25 |    14 |       |       ||    39
         Morningstar       |       |       |    97 |       |       ||    97
         Staff             |       |       |   127 |   476 |   245 ||   848
   Cast: Freeze            |    44 |   104 |    98 |    52 |    13 ||   311
         Frozen Ramparts   |       |     7 |    43 |    96 |    42 ||   188
         Ozocubu's Armour  |       |     6 |    35 |    65 |    33 ||   139
         Summon Ice Beast  |       |       |       |    25 |    28 ||    53
 Invoke: Upheaval          |       |       |       |     1 |     1 ||     2
         Elemental Force   |       |       |       |       |     2 ||     2
    Use: Potion            |     1 |       |       |     7 |     2 ||    10
         Scroll            |       |    10 |     8 |    10 |     4 ||    32
   Stab: Distracted        |       |       |       |       |     1 ||     1
 Armour: Robe              |    15 |    39 |   111 |   125 |    30 ||   320
  Dodge: Dodged            |    53 |    97 |   302 |   426 |   104 ||   982
         Repelled          |       |       |       |       |     2 ||     2
  Block: Buckler           |       |       |       |   162 |    65 ||   227

Table legend: (Time is in decaauts)
 A = Elapsed time spent in this place.
 B = Non-inter-level travel time spent in this place.
 C = Inter-level travel time spent in this place.
 D = Time resting spent in this place.
 E = Time spent auto-exploring this place.
 F = Levels seen in this place.
 G = Mean time per level.
                   A        B        C        D        E       F      G
               +--------+--------+--------+--------+--------+-----+--------+
         Total |  24335 |  22614 |   1721 |   2787 |  15570 |  17 | 1431.5 |
       Dungeon |  17873 |  16456 |   1417 |   1539 |  11936 |  12 | 1489.4 |
        Temple |    143 |     90 |     53 |      0 |     83 |   1 |  143.0 |
          Lair |   5487 |   5236 |    251 |   1171 |   3103 |   3 | 1829.0 |
       Ossuary |    830 |    830 |      0 |     77 |    448 |   1 |  830.0 |
               +--------+--------+--------+--------+--------+-----+--------+

Top non-repeatable levels by time:
    D:11: 3064 daAuts
  Lair:2: 2273 daAuts
  Lair:3: 1891 daAuts
     D:3: 1720 daAuts
     D:4: 1698 daAuts
     D:2: 1665 daAuts
     D:6: 1485 daAuts
    D:12: 1418 daAuts
  Lair:1: 1322 daAuts
     D:9: 1301 daAuts
     D:5: 1229 daAuts
     D:7: 1169 daAuts
     D:1: 1124 daAuts
    D:10: 1068 daAuts
     D:8: 928 daAuts
